Map: Wolfe Industries Compound

Players

BoNoBo

  • Race: Protoss Protoss
  • League: Silver
  • Spawn Location: 7:00

ChamalløW

  • Race: Protoss Protoss
  • League: Diamond
  • Spawn Location: 7:00

Blubbel

  • Race: Terran Terran
  • League: Silver
  • Spawn Location: 3:00

zod

  • Race: Terran Terran
  • League: Silver
  • Spawn Location: 12:00

VOD

Have the link to the VOD?

Description

Time

  • Played on: Jan. 3, 2016, 8:41 a.m.
  • Length: 9:40
Show
View Real Time Build Order
Export as new Build Order

BoNoBo Protoss 

Build Orders:  

Get SALT Encoding   

  12  0:03  Probe (Chrono Boost)  
  13  0:17  Pylon  
  13  0:20  Probe (Chrono Boost)  
  14  0:31  Probe (Chrono Boost)  
  15  0:41  Probe (Chrono Boost)  
  16  1:25  Gateway  
  16  1:30  Nexus, Assimilator  
  16  1:34  Gateway  
  16  1:36  Pylon  
  16  1:55  Probe (Chrono Boost)  
  16  1:58  Assimilator  
  17  2:05  Probe (Chrono Boost)  
  18  2:14  Cybernetics Core  
  18  2:18  Pylon  
  18  2:20  Zealot  
  22  2:22  Zealot  
  22  2:31  Probe (Chrono Boost)  
  23  2:42  Probe x2 (Chrono Boost)  
  25  3:19  Warp Gate (Chrono Boost)  
  25  3:23  Stalker  
  25  3:24  Stalker  
  29  3:29  Probe  
  29  3:33  Gateway  
  30  3:40  Probe, Pylon  
  31  3:50  Probe, Forge  
  32  4:00  Stalker (Chrono Boost)  
  32  4:01  Stalker (Chrono Boost), Probe  
  37  4:11  Probe  
  37  4:12  Pylon  
  38  4:22  Probe  
  39  4:27  Protoss Ground Weapons Level 1  
  39  4:33  Probe  
  39  4:37  Stalker  
  39  4:38  Stalker x2  
  46  4:44  Probe  
  46  4:51  Gateway  
  47  4:55  Probe  
  48  5:03  Twilight Council  
  46  5:32  Probe  
  47  5:41  Gateway  
  47  5:42  Gateway  
  47  5:43  Probe, Gateway  
  47  5:45  Gateway  
  48  5:51  Pylon  
  48  5:52  Pylon  
  48  5:53  Probe  
  49  5:57  Pylon  
  49  6:25  Stalker  
  51  6:26  Stalker  
  51  6:27  Stalker  
  51  6:29  Protoss Ground Weapons Level 2  
  55  6:52  Stalker x2  
  55  6:53  Stalker x2  
  63  6:54  Stalker  
  63  6:55  Stalker x2  
  63  6:56  Stalker  
  71  7:08  Blink  
  71  7:25  Stalker x3  
  71  7:26  Stalker  
  79  7:31  Zealot x3  
  79  7:32  Zealot  
  39  9:34  Stalker x2  
  39  9:35  Stalker x3  
  39  9:36  Stalker x2  
  39  9:37  Stalker  
Show
View Real Time Build Order
Export as new Build Order

ChamalløW Protoss 

Build Orders: Oracle Opening 

Get SALT Encoding   

  12  0:03  Probe (Chrono Boost)  
  14  0:14  Probe (Chrono Boost)  
  14  0:27  Pylon  
  14  0:28  Probe (Chrono Boost)  
  15  0:46  Probe (Chrono Boost)  
  16  0:56  Probe (Chrono Boost)  
  17  1:07  Probe (Chrono Boost)  
  18  1:12  Nexus  
  18  1:21  Probe (Chrono Boost)  
  18  1:23  Gateway  
  19  1:31  Pylon  
  19  1:32  Probe (Chrono Boost)  
  20  1:39  Assimilator  
  20  1:42  Probe (Chrono Boost)  
  20  1:43  Assimilator  
  21  1:53  Probe (Chrono Boost)  
  22  2:00  Pylon  
  22  2:04  Probe (Chrono Boost)  
  23  2:14  Probe (Chrono Boost)  
  24  2:17  Cybernetics Core  
  24  2:23  Pylon  
  24  2:24  Probe (Chrono Boost)  
  24  2:25  Probe (Chrono Boost), Pylon  
  26  2:34  Probe (Chrono Boost)  
  26  2:35  Probe (Chrono Boost)  
  28  2:45  Probe (Chrono Boost)  
  28  2:46  Probe (Chrono Boost)  
  28  2:47  Assimilator  
  28  2:50  Assimilator  
  30  2:54  Stargate  
  30  2:56  Probe x2 (Chrono Boost)  
  32  3:06  Probe (Chrono Boost)  
  32  3:07  Probe (Chrono Boost)  
  34  3:20  Stargate  
  34  3:22  Probe  
  34  3:23  Probe, Protoss Air Weapons Level 1 (Chrono Boost)  
  36  3:33  Probe  
  36  3:35  Probe  
  36  3:40  Oracle  
  41  3:43  Probe  
  41  3:48  Probe  
  43  3:59  Forge  
  43  4:03  Nexus  
  43  4:04  Phoenix  
  43  4:06  Pylon  
  43  4:08  Pylon  
  45  4:11  Probe, Assimilator  
  45  4:12  Probe, Assimilator  
  45  4:16  Phoenix  
  49  4:24  Probe  
  49  4:25  Probe  
  49  4:29  Phoenix  
  53  4:40  Photon Cannon  
  53  4:42  Photon Cannon  
  53  4:47  Photon Cannon  
  53  4:48  Probe  
  53  4:49  Probe, Photon Cannon  
  52  5:06  Phoenix x2  
  50  5:30  Photon Cannon  
  50  5:31  Phoenix  
  50  5:33  Probe x2, Phoenix  
  50  5:35  Probe  
  57  5:49  Probe x2  
  57  5:51  Probe  
  60  5:58  Phoenix  
  60  5:59  Phoenix  
  57  6:24  Photon Cannon  
  57  6:25  Probe x2  
  57  6:26  Probe  
  57  6:27  Pylon  
  57  6:32  Phoenix x2  
  64  6:36  Probe  
  64  6:39  Probe  
  61  6:51  Photon Cannon  
  61  6:53  Photon Cannon  
  61  6:57  Phoenix  
  61  6:58  Phoenix  
  65  7:19  Probe  
  66  7:23  Protoss Shields Level 1  
  66  7:24  Fleet Beacon, Probe x2  
  66  7:26  Protoss Air Armor Level 1 (Chrono Boost)  
  68  7:31  Probe  
  69  7:43  Oracle  
  69  7:44  Probe, Phoenix  
  75  7:56  Probe  
  76  8:08  Mothership Core  
  74  8:45  Phoenix x2  
  78  9:10  Phoenix x2  
Show
View Real Time Build Order
Export as new Build Order

Blubbel Terran 

Build Orders: 1/1/1 

Get SALT Encoding   

  12  0:01  SCV  
  13  0:13  SCV  
  14  0:19  Supply Depot  
  14  0:25  SCV  
  15  0:33  Refinery  
  15  0:41  SCV  
  16  0:46  Barracks  
  16  1:00  SCV  
  17  1:12  SCV  
  18  1:24  SCV  
  19  1:36  SCV  
  19  1:38  Marine  
  19  1:39  Factory  
  21  1:47  Supply Depot  
  21  2:04  SCV  
  22  2:20  Command Center  
  22  2:25  Starport  
  22  2:30  Engineering Bay  
  22  2:35  Marine  
  23  2:38  Widow Mine  
  25  2:53  Marine  
  26  3:06  Medivac  
  27  3:13  Barracks  
  27  3:16  Orbital Command  
  27  3:22  Marine  
  28  3:29  Widow Mine  
  28  3:32  Barracks  
  30  3:40  Marine  
  31  3:42  SCV  
  32  3:50  Supply Depot  
  32  3:54  SCV  
  32  3:55  Terran Infantry Weapons Level 1  
  33  4:06  SCV  
  34  4:10  Barracks Tech Lab  
  34  4:12  Barracks Reactor  
  34  4:19  Barracks  
  34  4:24  Refinery  
  34  4:25  SCV  
  34  4:27  SCV  
  36  4:34  Factory Tech Lab  
  36  4:37  SCV  
  37  4:43  SCV  
  38  4:55  SCV  
  29  5:23  Orbital Command  
  29  5:28  SCV, Missile Turret  
  30  5:31  Armory  
  30  5:40  SCV  
  29  5:52  SCV  
  29  5:53  SCV  
  31  5:58  Missile Turret  
  31  6:04  SCV  
  31  6:05  SCV, Missile Turret  
  31  6:11  Widow Mine  
  31  6:16  SCV  
  31  6:17  SCV  
  35  6:20  Barracks Reactor  
  35  6:28  SCV  
  35  6:29  SCV  
  35  6:30  Starport Tech Lab  
  35  6:32  Barracks Reactor  
  37  6:40  SCV, Widow Mine  
  37  6:42  SCV  
  41  6:54  SCV  
  41  6:56  SCV  
  41  7:00  Marine x2  
  45  7:02  Marine x2, Marauder  
  45  7:06  SCV  
  45  7:08  SCV  
  51  7:15  Barracks  
  51  7:18  SCV, Marine x2  
  51  7:22  Missile Turret  
  54  7:31  SCV x2, Marine  
  54  7:32  Supply Depot, Marauder  
  59  7:43  SCV  
  60  7:45  Command Center  
  60  7:53  Marauder  
  60  7:56  Supply Depot  
  62  8:05  Marine x2  
  62  8:06  Marine x2  
  66  8:19  Supply Depot, Bunker  
  54  8:41  Marine x5  
  50  8:42  Marine x3  
  56  8:59  Marine x5  
  61  9:14  Marine  
  61  9:15  Marine x2  
  61  9:17  Marine x5  
Show
View Real Time Build Order
Export as new Build Order

zod Terran 

Build Orders:  

Get SALT Encoding   

  12  0:01  SCV  
  13  0:13  SCV  
  14  0:22  Supply Depot  
  14  0:27  Refinery  
  14  0:33  SCV  
  15  0:45  SCV  
  15  0:46  Barracks  
  16  0:57  SCV  
  17  1:09  SCV  
  18  1:21  SCV  
  19  1:33  Command Center  
  19  1:35  SCV  
  19  1:38  Marine  
  21  1:55  SCV, Factory  
  22  2:14  Supply Depot  
  22  2:20  Refinery  
  22  2:21  Barracks Reactor  
  22  2:27  Barracks  
  22  2:41  Engineering Bay  
  22  2:45  Starport  
  22  2:53  Orbital Command  
  22  2:56  SCV  
  23  3:07  Widow Mine  
  25  3:16  Orbital Command  
  25  3:25  SCV  
  26  3:31  Starport Tech Lab  
  26  3:37  SCV, Factory Reactor  
  27  3:44  Barracks Tech Lab  
  27  3:46  Marine x2  
  29  3:49  SCV  
  29  3:53  Starport  
  30  3:56  Medivac  
  32  4:04  Marine x2  
  32  4:05  Missile Turret  
  32  4:06  SCV x2  
  36  4:12  Refinery  
  36  4:16  Refinery  
  36  4:18  Widow Mine  
  36  4:19  Widow Mine  
  40  4:32  Terran Infantry Weapons Level 1, Supply Depot  
  40  4:36  Supply Depot  
  40  4:39  Medivac  
  42  4:46  Widow Mine  
  44  4:54  SCV x2  
  46  5:04  Missile Turret  
  46  5:06  SCV x2  
  48  5:14  Missile Turret  
  48  5:16  Marine  
  48  5:17  Widow Mine x2  
  48  5:18  SCV  
  48  5:20  Viking  
  48  5:21  Marine  
  56  5:22  Marine  
  58  5:37  Marine  
  58  5:39  Marine  
  58  5:41  Marauder  
  62  6:20  Marine x2  
  62  6:24  Starport  
  62  6:26  Starport Tech Lab  
  62  6:45  Terran Infantry Armor Level 1, Viking, Supply Depot  
  62  6:48  Marine x2  
  62  6:57  Cloaking Field  
  62  7:03  Starport Tech Lab  
  62  7:04  Widow Mine  
  62  7:06  Widow Mine  
  62  7:07  Armory, Marauder  
  63  7:11  Viking  
  65  7:15  Medivac  
  67  7:32  Command Center  
  67  7:38  Engineering Bay  
  67  7:41  Viking  
  67  7:42  Fusion Core  
  67  7:43  Marine  
  70  7:52  Supply Depot  
  70  7:55  Supply Depot, Viking  
  70  7:59  Marine  
  65  8:13  Viking  
  49  8:25  Viking  
  45  8:39  Hi-Sec Auto Tracking  
  41  8:43  Viking, Marine x2  
  41  8:44  Marine  
  45  8:55  Viking  
  39  9:01  Marine x3  
  23  9:19  Marine x3  
Tags
 
Add a new tag
Caveats
  • Supply blocks, unpowered buildings, or Contaminate may cause inaccurate times.
  • Supply counts are checked every 10 seconds.